 Dungeon Sprint DCSS version 0.18-a0-1655-ge2d8d33 (webtiles) character file.

592168 Kidiri the Minotaur Barricade (level 21, 230/230 HPs)
             Began as a Minotaur Fighter on Mar 30, 2016.
             Was the Champion of Qazlal.
             Escaped with the Orb!
             The game lasted 00:58:39 (3520 turns).

Kidiri the Minotaur Barricade (Minotaur Fighter)    Turns: 3520, Time: 00:58:39

Health: 230/230    AC: 48    Str: 35    XL:     21   Next: 59%
Magic:  39/39      EV: 31    Int:  6    God:    Qazlal [******]
Gold:   0          SH: 50    Dex: 25    Spells: 0 memorised, 51 levels left

rFire  . . .     SeeInvis .     a - +7 Singing Sword
rCold  + + .     Gourm    .     b - +15 Maxwell's patent armour {-Cast -Tele rElec MR+ rCorr}
rNeg   + + .     Faith    .     c - +18 shield of the gong {rElec rN+ MR+ EV-5}
rPois  +         Spirit   .     (helmet restricted)
rElec  +         Dismiss  .     q - +1 ratskin cloak {rPois rN+ Int-1 Dex-1}
rCorr  +         Reflect  +     G - +2 pair of fencer's gloves {LBl+4 SBl+4 EV+3 Dex+6}
SustAt .         Harm     .     J - +0 pair of boots {run}
MR     +++..     NoTele   +     O - +3 amulet of reflection
Stlth  +......... NoCast   +    H - +6 ring of strength
                                D - +6 ring of dexterity

@: repel missiles, quick, extremely resistant to hostile enchantments, very
unstealthy
A: retaliatory headbutt, horns 2, talons 2, rugged brown scales 1, clever 1,
cold resistance 2, shaggy fur 1, strong 1
a: Upheaval, Elemental Force, Disaster Area, Renounce Religion
0: Orb of Zot


You escaped.
You worshipped Qazlal.
Qazlal was exalted by your worship.
You were not hungry.

You visited 1 branch

Inventory:

Hand Weapons
 a - the +7 Singing Sword (weapon)
   (You found it in the Dungeon)
Missiles
 M - a throwing net (quivered)
Armour
 b - the +15 Maxwell's patent armour (worn) {-Cast -Tele rElec MR+ rCorr}
   (You found it in the Dungeon)

   It insulates you from electricity.
   It affects your resistance to hostile enchantments.
   It prevents spellcasting.
   It prevents most forms of teleportation.
   It protects you from acid and corrosion.
 c - the +18 shield of the gong (worn) {rElec rN+ MR+ EV-5}
   (You found it in the Dungeon)

   It affects your evasion (-5).
   It insulates you from electricity.
   It protects you from negative energy.
   It affects your resistance to hostile enchantments.
 q - the +1 ratskin cloak (worn) {rPois rN+ Int-1 Dex-1}
   (You found it in the Dungeon)

   It affects your intelligence (-1).
   It affects your dexterity (-1).
   It protects you from poison.
   It protects you from negative energy.
 G - the +2 pair of fencer's gloves (worn) {LBl+4 SBl+4 EV+3 Dex+6}
   (You found it in the Dungeon)

   It affects your evasion (+3).
   It affects your dexterity (+6).
 J - a +0 pair of boots of running (worn)
Jewellery
 o - the amulet of Xom's Favour {rPois rF+ rC- Regen+ Int+3}
   (You found it in the Dungeon)

   [amulet of regeneration]

   It affects your intelligence (+3).
   It protects you from fire.
   It makes you vulnerable to cold.
   It protects you from poison.
   It increases your rate of regeneration.
 D - a +6 ring of dexterity (left hand)
 H - a +6 ring of strength (right hand)
 O - a +3 amulet of reflection (around neck)
Wands
 y - a wand of disintegration (6/24)
 A - a wand of iceblast (5/15)
 B - a wand of lightning (3/15)
 C - a wand of acid (5/15)
 I - a wand of heal wounds (2/9)
Scrolls
 k - 4 scrolls of blinking
 r - 2 scrolls of recharging
 s - 7 scrolls of fog
 t - a scroll of holy word
 u - 5 scrolls of identify
 v - 5 scrolls of remove curse
 w - 2 scrolls of fear
Potions
 d - 5 potions of might
 e - 10 potions of curing
 g - 11 potions of heal wounds
 h - 10 potions of haste
 i - 6 potions of magic
 j - 3 potions of berserk rage
 l - 2 potions of brilliance
 m - 2 potions of invisibility
 n - 4 potions of resistance
 p - 6 potions of agility
Comestibles
 f - 5 bread rations
 x - 42 fruits
 z - 3 meat rations


   Skills:
 O Level 27 Fighting
 O Level 27 Long Blades
 O Level 27 Throwing
 O Level 27 Armour
 O Level 27 Dodging
 O Level 27 Stealth
 O Level 27 Shields
 + Level 15.9 Spellcasting
 O Level 27 Invocations
 O Level 27 Evocations


You had 51 spell levels left.
You didn't know any spells.

Dungeon Overview and Level Annotations

Branches:
Dungeon (1/1)

Altars:
Ashenzari
Cheibriados
Dithmenos
Elyvilon
Fedhas
Gozag
Kikubaaqudgha
Makhleb
Nemelex Xobeh
Okawaru
Pakellas
Qazlal
Ru
Sif Muna
Trog
Vehumet
Xom
Yredelemnul
Zin
The Shining One
Beogh
Jiyva
Lugonu


Innate Abilities, Weirdness & Mutations

You reflexively headbutt those who attack you in melee.
You have a pair of horns on your head.
You have razor-sharp toenails.
You are partially covered in rugged brown scales (AC +1, +3% HP).
Your mind is acute. (Int +2)
Your flesh is very cold resistant.
You are covered in fur (AC +1).
Your muscles are strong. (Str +2)


Message History

You see here a +3 leather armour of fire resistance.
You see here the +1 hand axe "Potasasuam" {chop, +Fly rN+++ MP-9 Int+3}.
Unknown command.
Unknown command.
You start resting.
Unknown command.
You start resting.
The Singing Sword repeatedly practises counterpoints.
HP restored.
Unknown command.
An exit appears before you!
Your surroundings seem different!
Found the Orb of Zot.
Found a staircase leading out of the dungeon.
Unknown command.
You see here the Orb of Zot.
You pick up the Orb of Zot!
The Orb lets out a hideous shriek!
The lords of Pandemonium are not amused.
Beware!
Now all you have to do is get back out of the dungeon!
There is a staircase leading out of the dungeon here.
You have escaped!

.[...)).....▓..▓.......▓..▓...8©8
.)[..)))....▓.▓▓▓.....▓▓▓.▓..)§.§
....(.......▓..▓.......▓..▓..§:[}
.....)......▓.............▓....§§
............▓.............▓...().
....).......▓▓▓▓▓▓▓▓▓▓▓▓▓▓▓.....)
▓...(...▓...▓8888888888888▓..)()÷
▓▓.....▓▓▓..▓8..§........8▓..▓)..
▓.......▓...▓8..@§.......8▓.▓....
............▓8..§........8▓......
............▓8888888888888▓▓▓▓▓▓▓
▓▓▓▓▓▓▓▓▓▓▓▓▓▓▓▓▓▓▓▓▓▓▓▓▓▓▓▓▓▓▓▓▓
.....8©8........▓........8©8.....
:."?[=||}::")}=.▓.):[.=\)§:=§..)}
.:}}§":§§))|.)|.▓..[:[):§.[}[)[[)
[||?.[)§:").....▓.)[}[[|.[)§§..[[
................▓.......:.....}..


There were no monsters in sight!

Vanquished Creatures
  41 pandemonium lords (D)
  An ancient lich (D)
  5 greater mummies (D)
  2 shard shrikes (D)
  8 electric golems (D)
  5 Ice Fiends (D)
  2 liches (D)
  A Hell Sentinel (D)
  3 deep elf blademasters (D)
  5 acid blobs (D)
  4 deep elf master archers (D)
  13 titans (D)
  An Executioner (D)
  7 storm dragons (D)
  4 azure jellies (D)
  A ghoul (D)
  2 cacodemons (D)
  5 deep elf sorcerers (D)
  2 balrugs (D)
  A warmonger (D)
  2 spriggan defenders (D)
  3 reapers (D)
  2 very ugly things (D)
  An apis (D)
  4 vampire knights (D)
  A dire elephant (D)
  8 deep elf annihilators (D)
  A mottled draconian (D)
  A spark wasp (shapeshifter) (D)
  6 blizzard demons (D)
  5 death oozes (D)
  A green death (D)
  A merfolk impaler (D)
  3 mummy priests (D)
  An entropy weaver (shapeshifter) (D)
  5 deep elf high priests (D)
  2 great orbs of eyes (D)
  An ice dragon (D)
  An anaconda (shapeshifter) (D)
  10 spriggan air magi (D)
  An anaconda (D)
  A merfolk aquamancer (D)
  4 dancing weapons (D)
  A vampire mage (D)
  A spriggan berserker (D)
  A sun demon (D)
  4 soul eaters (D)
  3 deep elf knights (D)
  3 large abominations (D)
  15 skeletal warriors (D)
  A fire crab (shapeshifter) (D)
  A death scarab (D)
  5 shambling mangroves (D)
  An anubis guard (shapeshifter) (D)
  5 necromancers (D)
  A sea snake (D)
  4 anubis guards (D)
  3 deep elf archers (D)
  An orb spider (shapeshifter) (D)
  A harpy (D)
  3 orc sorcerers (D)
  3 ugly things (D)
  A griffon (D)
  7 deep elf magi (D)
  2 sixfirhies (D)
  2 manticores (D)
  A hornet (shapeshifter) (D)
  14 draconians (D)
  3 cyclopes (D)
  2 shining eyes (D)
  An eye of devastation (shapeshifter) (D)
  2 orange demons (D)
  A rime drake (D)
  A yaktaur (shapeshifter) (D)
  A hellion (D)
  A demonic crawler (D)
  13 freezing wraiths (D)
  A hellwing (D)
  13 ice devils (D)
  11 guardian mummies (D)
  3 merfolk (D)
  2 tormentors (D)
  2 dryads (D)
  An ancient zyme (D)
  A polar bear (D)
  A jumping spider (shapeshifter) (D)
  A merfolk (shapeshifter) (D)
  A red devil (D)
  2 ushabtiu (D)
  5 wind drakes (D)
  6 slime creatures (D)
  2 raiju (D)
  3 snapping turtles (D)
  7 flying skulls (D)
  15 air elementals (D)
  3 wraiths (D)
  5 shadows (D)
  2 ynoxinuls (D)
  2 vampires (D)
  2 hungry ghosts (D)
  4 neqoxecs (D)
  9 insubstantial wisps (D)
  A soldier ant (shapeshifter) (D)
  A naga (D)
  A warg (D)
  3 water moccasins (D)
  A black bear (shapeshifter) (D)
  9 ice beasts (D)
  A small abomination (D)
  4 orc warriors (D)
  2 necrophages (D)
  A wolf (D)
  2 ogres (D)
  An earth elemental (D)
  4 wights (D)
  2 jellies (D)
  A sheep (D)
  17 mummies (D)
  2 adders (D)
  2 river rats (D)
  2 shadow imps (D)
  9 white imps (D)
  An ufetubus (D)
  A spectral adder (D)
  7 adder zombies (D)
  5 adder skeletons (D)
  2 spectral bats (D)
  7 bat skeletons (D)
  10 bat zombies (D)
  2 ball pythons (D)
  2 ball python simulacra (D)
  A ball python skeleton (D)
  2 ball python zombies (D)
  3 giant cockroach zombies (D)
  5 giant gecko skeletons (D)
  5 giant gecko zombies (D)
  3 jackal skeletons (D)
  3 quokka zombies (D)
  An eldritch tentacle segment (D)
  8 fire vortices (D)
525 creatures vanquished.

Vanquished Creatures (collateral kills)
  A black draconian (D)
  2 vampire magi (D)
  A skeletal warrior (D)
  3 draconians (D)
7 creatures vanquished.

Vanquished Creatures (others)
  A pandemonium lord (D)
  An eldritch tentacle (D)
  A merfolk aquamancer (D)
  A white imp (D)
  An ufetubus (D)
  A bat skeleton (D)
  11 eldritch tentacle segments (D)
17 creatures vanquished.

Grand Total: 549 creatures vanquished

Notes
Turn   | Place    | Note
--------------------------------------------------------------
     0 | D        | Kidiri the Minotaur Fighter began the quest for the Orb.
     0 | D        | Reached XP level 1. HP: 19/19 MP: 0/0
     0 | D        | Found a viscous altar of Jiyva.
     0 | D        | Found a roughly hewn altar of Beogh.
     0 | D        | Found a corrupted altar of Lugonu.
     0 | D        | Found a white marble altar of Elyvilon.
     0 | D        | Found a sparkling altar of Nemelex Xobeh.
     3 | D        | Found a burning altar of Makhleb.
     3 | D        | Found a deep blue altar of Sif Muna.
     3 | D        | Found a bloodstained altar of Trog.
     3 | D        | Found an iron altar of Okawaru.
     3 | D        | Found a radiant altar of Vehumet.
    55 | D        | Became a worshipper of Qazlal Stormbringer
    58 | D        | Found a shimmering altar of Xom.
    84 | D        | Reached skill level 5 in Fighting
    84 | D        | Reached skill level 5 in Armour
    84 | D        | Reached skill level 5 in Shields
    84 | D        | Reached XP level 2. HP: 29/29 MP: 0/2
   111 | D        | Entered arena 1.
   111 | D        | Noticed a merfolk
   111 | D        | Noticed a merfolk
   118 | D        | Killed a merfolk
   118 | D        | Reached XP level 3. HP: 40/40 MP: 2/4
   118 | D        | Reached XP level 4. HP: 48/48 MP: 2/5
   118 | D        | Reached XP level 5. HP: 53/53 MP: 2/6
   122 | D        | Killed a merfolk
   122 | D        | Reached XP level 6. HP: 62/62 MP: 2/8
   232 | D        | Entered arena 2.
   232 | D        | Noticed a naga
   232 | D        | Noticed a water moccasin
   240 | D        | Reached * piety under Qazlal
   245 | D        | Killed a naga
   245 | D        | Reached skill level 5 in Dodging
   245 | D        | Reached XP level 7. HP: 70/70 MP: 9/9
   247 | D        | Reached skill level 5 in Invocations
   256 | D        | Got the amulet "Voatulo" {RegenMP rC+ rN+ Str+6 Stlth-}
   299 | D        | Entered arena 3.
   299 | D        | Noticed a draconian
   299 | D        | Noticed a draconian
   299 | D        | Noticed a draconian
   299 | D        | Noticed a draconian
   304 | D        | Killed a draconian
   304 | D        | Reached ** piety under Qazlal
   304 | D        | Reached skill level 10 in Fighting
   304 | D        | Reached skill level 10 in Armour
   304 | D        | Reached skill level 10 in Shields
   304 | D        | Reached XP level 8. HP: 79/79 MP: 9/11
   307 | D        | Killed a draconian
   307 | D        | Reached skill level 10 in Long Blades
   309 | D        | Killed a draconian
   311 | D        | Killed a draconian
   311 | D        | Reached XP level 9. HP: 89/89 MP: 10/12
   324 | D        | Entered arena 4.
   326 | D        | Reached *** piety under Qazlal
   336 | D        | Entered arena 5.
   339 | D        | Reached **** piety under Qazlal
   360 | D        | Entered arena 6.
   360 | D        | Noticed a draconian
   360 | D        | Noticed a draconian
   360 | D        | Noticed a draconian
   360 | D        | Noticed a draconian
   360 | D        | Noticed a draconian
   360 | D        | Noticed a draconian
   366 | D        | Killed a draconian
   367 | D        | Identified a +7 rod of inaccuracy (6/9)
   368 | D        | Killed a draconian
   368 | D        | Reached ***** piety under Qazlal
   370 | D        | Killed a draconian
   375 | D        | Killed a draconian
   375 | D        | Reached XP level 10. HP: 100/100 MP: 14/14
   376 | D        | Killed a draconian
   379 | D        | Killed a draconian
   401 | D        | Got the ring of Greater Demons {rElec rPois rC+ EV+2}
   402 | D        | Entered arena 7.
   402 | D        | Noticed a sun demon
   408 | D        | Killed a sun demon
   413 | D        | Reached ****** piety under Qazlal
   424 | D        | Entered arena 8.
   424 | D        | Noticed a death scarab
   424 | D        | Noticed a mummy priest
   429 | D        | Noticed a jiangshi
   429 | D        | Noticed a phantasmal warrior
   434 | D        | Killed a death scarab
   435 | D        | Killed a mummy priest
   445 | D        | Got the ring of Circularity {Int+2 Slay+3}
   448 | D        | Entered arena 9.
   453 | D        | Reached XP level 11. HP: 100/109 MP: 16/16
   648 | D        | Entered arena 10.
   648 | D        | Noticed a black draconian
   648 | D        | Noticed a mottled draconian
   656 | D        | Killed a mottled draconian
   659 | D        | Reached skill level 15 in Armour
   659 | D        | Reached skill level 10 in Dodging
   659 | D        | Reached skill level 15 in Shields
   659 | D        | Reached skill level 15 in Fighting
   662 | D        | Killed a black draconian
   662 | D        | Reached skill level 15 in Long Blades
   706 | D        | Entered arena 11.
   706 | D        | Noticed a ghoul
   706 | D        | Noticed a soul eater
   707 | D        | Noticed a soul eater
   707 | D        | Noticed a soul eater
   707 | D        | Noticed a soul eater
   715 | D        | Killed a ghoul
   716 | D        | Killed a soul eater
   718 | D        | Killed a soul eater
   723 | D        | Killed a soul eater
   723 | D        | Reached skill level 10 in Invocations
   723 | D        | Reached XP level 12. HP: 120/120 MP: 14/18
   737 | D        | Got the amulet "Xiriyxkazxo" {Faith +Fly rN+ Str-4 Dex+4}
   744 | D        | Entered arena 12.
   822 | D        | Entered arena 13.
   823 | D        | Noticed a great orb of eyes
   834 | D        | Killed a great orb of eyes
   894 | D        | Entered arena 14.
   895 | D        | Noticed a merfolk aquamancer
   896 | D        | Noticed a merfolk impaler
   896 | D        | Noticed a merfolk aquamancer
   902 | D        | Killed a merfolk aquamancer
   903 | D        | Killed a merfolk impaler
   910 | D        | Killed a merfolk aquamancer
   950 | D        | Entered arena 15.
   951 | D        | Noticed a blizzard demon
   958 | D        | Reached XP level 13. HP: 132/132 MP: 20/20
   963 | D        | Killed a blizzard demon
   986 | D        | Got the amulet "Ymonieb" {RegenMP rPois Int+4}
   995 | D        | Entered arena 16.
   997 | D        | Noticed a dire elephant
   998 | D        | Noticed a spriggan defender
   999 | D        | Noticed an apis
   999 | D        | Noticed a spriggan defender
  1001 | D        | Killed a spriggan defender
  1005 | D        | Killed a spriggan defender
  1007 | D        | Killed an apis
  1013 | D        | Killed a dire elephant
  1203 | D        | Entered arena 17.
  1205 | D        | Noticed a deep elf sorcerer
  1205 | D        | Noticed a deep elf master archer
  1206 | D        | Noticed a deep elf blademaster
  1206 | D        | Noticed a deep elf annihilator
  1206 | D        | Noticed a deep elf master archer
  1207 | D        | Noticed a deep elf sorcerer
  1209 | D        | Killed a deep elf sorcerer
  1209 | D        | Killed a deep elf blademaster
  1209 | D        | Killed a deep elf sorcerer
  1209 | D        | Reached XP level 14. HP: 145/145 MP: 14/22
  1217 | D        | Killed a deep elf master archer
  1218 | D        | Killed a deep elf master archer
  1268 | D        | Entered arena 18.
  1270 | D        | Noticed a purple very ugly thing
  1270 | D        | Gained mutation: You are frail (-10% HP). [a neqoxec]
  1271 | D        | Noticed a red very ugly thing
  1277 | D        | Killed a purple very ugly thing
  1280 | D        | Killed a red very ugly thing
  1304 | D        | Gained mutation: You have sharp toenails. [mutagenic meat]
  1305 | D        | Gained mutation: You have razor-sharp toenails. [mutagenic meat]
  1306 | D        | Gained mutation: You regenerate slowly when monsters are visible. [mutagenic meat]
  1307 | D        | Gained mutation: Your mind is acute. (Int +2) [mutagenic meat]
  1313 | D        | Gained mutation: Your flesh is cold resistant. [mutagenic meat]
  1314 | D        | Gained mutation: You are covered in fur (AC +1). [mutagenic meat]
  1315 | D        | Lost mutation: You are frail (-10% HP). [mutagenic meat]
  1317 | D        | Gained mutation: Your flesh is very cold resistant. [mutagenic meat]
  1319 | D        | Gained mutation: You are partially covered in rugged brown scales (AC +1, +3% HP). [mutagenic meat]
  1329 | D        | Gained mutation: Your muscles are strong. (Str +2) [mutagenic meat]
  1330 | D        | Lost mutation: You regenerate slowly when monsters are visible. [mutagenic meat]
  1339 | D        | Got the ring "Emuediff" {+Inv rPois EV+5}
  1372 | D        | Entered arena 19.
  1429 | D        | Got the +0 cloak of Salvation {Int+2}
  1480 | D        | Entered arena 20.
  1483 | D        | Noticed an acid blob
  1484 | D        | Noticed an acid blob
  1484 | D        | Noticed an acid blob
  1484 | D        | Noticed an azure jelly
  1484 | D        | Noticed an acid blob
  1484 | D        | Noticed an azure jelly
  1484 | D        | Noticed an azure jelly
  1485 | D        | Noticed an acid blob
  1486 | D        | Killed an azure jelly
  1487 | D        | Noticed an azure jelly
  1487 | D        | Killed an acid blob
  1487 | D        | Reached skill level 15 in Dodging
  1487 | D        | Killed an azure jelly
  1487 | D        | Killed an azure jelly
  1487 | D        | Reached XP level 15. HP: 156/162 MP: 9/24
  1487 | D        | Killed an acid blob
  1488 | D        | Killed an acid blob
  1491 | D        | Killed an acid blob
  1496 | D        | Killed an acid blob
  1501 | D        | Killed an azure jelly
  1506 | D        | Got the ring "Ugucufre" {rElec rPois rC+ Str-4 Stlth+}
  1585 | D        | Entered arena 21.
  1589 | D        | Noticed a deep elf blademaster
  1589 | D        | Noticed a deep elf master archer
  1589 | D        | Noticed a deep elf sorcerer
  1589 | D        | Noticed a deep elf blademaster
  1591 | D        | Noticed a deep elf master archer
  1591 | D        | Noticed a deep elf sorcerer
  1591 | D        | Noticed a deep elf sorcerer
  1592 | D        | Killed a deep elf master archer
  1592 | D        | Killed a deep elf blademaster
  1592 | D        | Reached skill level 15 in Invocations
  1593 | D        | Killed a deep elf sorcerer
  1593 | D        | Killed a deep elf master archer
  1593 | D        | Killed a deep elf sorcerer
  1594 | D        | Killed a deep elf sorcerer
  1598 | D        | Killed a deep elf blademaster
  1605 | D        | Reached XP level 16. HP: 85/176 MP: 7/26
  1835 | D        | Entered arena 22.
  1841 | D        | Noticed an ancient lich
  1843 | D        | Noticed a lich
  1844 | D        | Noticed a lich
  1848 | D        | Noticed a tentacled monstrosity
  1848 | D        | Noticed a tentacled monstrosity
  1849 | D        | Killed an ancient lich
  1856 | D        | Killed a lich
  1856 | D        | Killed a lich
  1900 | D        | Got the ring of Oluatip {rF+ rN+ MP+9}
  1943 | D        | Entered arena 23.
  1949 | D        | Noticed an Ice Fiend
  1950 | D        | Noticed an Ice Fiend
  1953 | D        | Reached skill level 1 in Evocations
  1954 | D        | Noticed a shard shrike
  1955 | D        | Killed an Ice Fiend
  1957 | D        | Killed an Ice Fiend
  1959 | D        | Killed a shard shrike
  1964 | D        | Reached skill level 27 in Shields
  1984 | D        | Got the ring of Impoyrit {*Corrode +Fly rN+ Int+2}
  2241 | D        | Entered arena 24.
  2247 | D        | Noticed a greater mummy
  2248 | D        | Noticed a greater mummy
  2249 | D        | Noticed a greater mummy
  2249 | D        | Noticed a greater mummy
  2249 | D        | Noticed a greater mummy
  2253 | D        | Reached skill level 1 in Stealth
  2253 | D        | Reached skill level 5 in Evocations
  2254 | D        | Reached XP level 17. HP: 26/193 MP: 20/28
  2257 | D        | HP: 3/192 [greater mummy/divine providence (9)]
  2259 | D        | Killed a greater mummy
  2259 | D        | Reached skill level 5 in Stealth
  2259 | D        | Killed a greater mummy
  2259 | D        | Reached skill level 27 in Long Blades
  2259 | D        | Reached skill level 27 in Armour
  2259 | D        | Killed a greater mummy
  2259 | D        | Killed a greater mummy
  2259 | D        | Reached skill level 27 in Fighting
  2259 | D        | Killed a greater mummy
  2259 | D        | Reached skill level 10 in Stealth
  2296 | D        | Got the ring "Viad Uni" {+Blink rC- Dex+4 Stlth-}
  2306 | D        | Got the amulet of Cozen {Regen+ Str+2}
  2309 | D        | Got the ring of Ekugat {Fire rN+ Int-3 SInv}
  2327 | D        | Got the amulet of Noetiupn {+Rage Str+3 Int+2 SInv}
  2340 | D        | Got the ring "Sofumif" {Fire rElec rPois Int+3 Dex+4}
  2679 | D        | Entered arena 25.
  2688 | D        | Noticed a shard shrike
  2688 | D        | Noticed an Ice Fiend
  2690 | D        | Noticed an Ice Fiend
  2692 | D        | Killed a shard shrike
  2692 | D        | Reached skill level 10 in Evocations
  2693 | D        | Killed an Ice Fiend
  2696 | D        | Killed an Ice Fiend
  2772 | D        | Identified a +0 pair of boots of running (You found it in the Dungeon)
  2774 | D        | Got the amulet "Jemnuci" {RegenMP *Corrode rPois rC+ Int+5}
  2778 | D        | Got the ring of Qoqin {rF+ Dex+4}
  2789 | D        | Got the ring of Conversion {Wiz rC+}
  2889 | D        | Entered arena 26.
  2896 | D        | Noticed an electric golem
  2896 | D        | Noticed an electric golem
  2897 | D        | Noticed an electric golem
  2897 | D        | Noticed an electric golem
  2897 | D        | Noticed a titan
  2897 | D        | Noticed a titan
  2898 | D        | Noticed an electric golem
  2898 | D        | Noticed a titan
  2898 | D        | Noticed an electric golem
  2898 | D        | Noticed a titan
  2898 | D        | Noticed a titan
  2898 | D        | Noticed an electric golem
  2898 | D        | Noticed a titan
  2898 | D        | Noticed an electric golem
  2898 | D        | Noticed a titan
  2898 | D        | Noticed a titan
  2898 | D        | Noticed a titan
  2899 | D        | Noticed a titan
  2899 | D        | Killed a titan
  2899 | D        | Killed a titan
  2899 | D        | Killed an electric golem
  2899 | D        | Reached XP level 18. HP: 205/206 MP: 30/30
  2899 | D        | Reached skill level 15 in Evocations
  2900 | D        | Killed an electric golem
  2900 | D        | Killed an electric golem
  2900 | D        | Reached skill level 15 in Stealth
  2902 | D        | Killed an electric golem
  2903 | D        | Killed an electric golem
  2904 | D        | Killed an electric golem
  2918 | D        | Killed an electric golem
  2918 | D        | Killed an electric golem
  2918 | D        | Reached skill level 27 in Dodging
  3011 | D        | Got an ichor-stained large shield
  3022 | D        | Identified the +7 large shield "Jiwniajoah" {rN+} (You acquired it in the Dungeon)
  3040 | D        | Got the amulet "Olantub" {+Rage rF+ Str+6}
  3127 | D        | Entered arena 27.
  3135 | D        | Noticed Arafe the pandemonium lord
  3135 | D        | Noticed Gyem the pandemonium lord
  3135 | D        | Noticed Okiurchu the pandemonium lord
  3135 | D        | Noticed Duviwk the pandemonium lord
  3135 | D        | Noticed Evvomy the pandemonium lord
  3136 | D        | Noticed Gyhujat the pandemonium lord
  3136 | D        | Noticed Faiwak the pandemonium lord
  3136 | D        | Noticed Siyddiath the pandemonium lord
  3136 | D        | Noticed Siskionk the pandemonium lord
  3136 | D        | Noticed Wecas the pandemonium lord
  3136 | D        | Noticed Omeufah the pandemonium lord
  3136 | D        | Noticed Qeahiex the pandemonium lord
  3136 | D        | Noticed Wiag the pandemonium lord
  3136 | D        | Noticed Vokk the pandemonium lord
  3136 | D        | Noticed Cyshixt the pandemonium lord
  3137 | D        | Noticed Vokhuoh the pandemonium lord
  3137 | D        | Noticed Ojom the pandemonium lord
  3137 | D        | Noticed Cosch the pandemonium lord
  3137 | D        | Noticed Irughumm the pandemonium lord
  3137 | D        | Noticed Ravou the pandemonium lord
  3137 | D        | Noticed Alam the pandemonium lord
  3137 | D        | Killed Gyem the pandemonium lord
  3137 | D        | Killed Evvomy the pandemonium lord
  3137 | D        | Reached XP level 19. HP: 213/213 MP: 33/33
  3137 | D        | Killed Faiwak the pandemonium lord
  3138 | D        | Noticed Vuliwut the pandemonium lord
  3138 | D        | Noticed Litanko the pandemonium lord
  3138 | D        | Noticed Coniol the pandemonium lord
  3138 | D        | Noticed Pebirphae the pandemonium lord
  3138 | D        | Noticed Kotoir the pandemonium lord
  3138 | D        | Noticed Dyumupta the pandemonium lord
  3138 | D        | Noticed Utheiziegui the pandemonium lord
  3138 | D        | Noticed Mashryma the pandemonium lord
  3138 | D        | Noticed Josez the pandemonium lord
  3138 | D        | Noticed Cyczaga the pandemonium lord
  3138 | D        | Noticed Qejammujiy the pandemonium lord
  3138 | D        | Noticed Bajujoi the pandemonium lord
  3139 | D        | Noticed Cisoejon the pandemonium lord
  3139 | D        | Noticed Vong the pandemonium lord
  3139 | D        | Noticed Ociolo the pandemonium lord
  3139 | D        | Killed Qeahiex the pandemonium lord
  3139 | D        | Killed Omeufah the pandemonium lord
  3139 | D        | Killed Duviwk the pandemonium lord
  3139 | D        | Killed Gyhujat the pandemonium lord
  3139 | D        | Killed Arafe the pandemonium lord
  3139 | D        | Killed Irughumm the pandemonium lord
  3139 | D        | Killed Okiurchu the pandemonium lord
  3139 | D        | Killed Cyshixt the pandemonium lord
  3140 | D        | Noticed Aniucwit the pandemonium lord
  3140 | D        | Noticed Goinam the pandemonium lord
  3140 | D        | Noticed Idghoe the pandemonium lord
  3140 | D        | Killed Ravou the pandemonium lord
  3140 | D        | Killed Alam the pandemonium lord
  3140 | D        | Killed Vokhuoh the pandemonium lord
  3140 | D        | Killed Bajujoi the pandemonium lord
  3140 | D        | Killed Vokk the pandemonium lord
  3140 | D        | Killed Ojom the pandemonium lord
  3141 | D        | Noticed Avoewk Sirydd the pandemonium lord
  3141 | D        | Noticed Geptek the pandemonium lord
  3141 | D        | Killed Mashryma the pandemonium lord
  3141 | D        | Killed Wiag the pandemonium lord
  3141 | D        | Reached skill level 27 in Evocations
  3141 | D        | Reached XP level 20. HP: 198/222 MP: 12/36
  3141 | D        | Killed Vuliwut the pandemonium lord
  3141 | D        | Reached skill level 27 in Invocations
  3141 | D        | Killed Vong the pandemonium lord
  3141 | D        | Killed Cisoejon the pandemonium lord
  3141 | D        | Killed Qejammujiy the pandemonium lord
  3141 | D        | Killed Cyczaga the pandemonium lord
  3141 | D        | Killed Adaecoem the pandemonium lord
  3141 | D        | Killed Coniol the pandemonium lord
  3141 | D        | Killed Goinam the pandemonium lord
  3141 | D        | Reached skill level 27 in Stealth
  3141 | D        | Killed Idghoe the pandemonium lord
  3141 | D        | Reached skill level 5 in Throwing
  3141 | D        | Killed Josez the pandemonium lord
  3141 | D        | Reached skill level 10 in Throwing
  3142 | D        | Noticed a golden dragon
  3143 | D        | Killed Ociolo the pandemonium lord
  3143 | D        | Killed Pebirphae the pandemonium lord
  3143 | D        | Reached skill level 15 in Throwing
  3143 | D        | Killed Kotoir the pandemonium lord
  3143 | D        | Killed Siskionk the pandemonium lord
  3143 | D        | Killed Litanko the pandemonium lord
  3143 | D        | Reached XP level 21. HP: 97/230 MP: 37/37
  3143 | D        | Killed Siyddiath the pandemonium lord
  3143 | D        | Killed Geptek the pandemonium lord
  3145 | D        | Killed Dyumupta the pandemonium lord
  3145 | D        | Reached skill level 27 in Throwing
  3147 | D        | Killed Wecas the pandemonium lord
  3147 | D        | Reached skill level 10 in Spellcasting
  3148 | D        | Killed Utheiziegui the pandemonium lord
  3151 | D        | Killed Avoewk Sirydd the pandemonium lord
  3156 | D        | Killed Aniucwit the pandemonium lord
  3159 | D        | Killed Cosch the pandemonium lord
  3159 | D        | Reached skill level 15 in Spellcasting
  3176 | D        | Got the ring "Nuob" {rC+ MR+ AC+1 Int+6}
  3204 | D        | Got the amulet "Zaiceg" {Inacc rElec rN+ Str+6 Dex-2}
  3212 | D        | Got the amulet of Xom's Favour {rPois rF+ rC- Regen+ Int+3}
  3515 | D        | Got the Orb of Zot
  3520 | D        | Escaped with the Orb!

Vault maps used:
D:        sprint_v

Skill      XL: |  1  2  3  4  5  6  7  8  9 10 11 12 13 14 15 16 17 18 19 20 21 |
---------------+----------------------------------------------------------------+-----
Fighting       | 5 7 8 9 10 11 12 14 16 17 19 21 24 26 27 | 27.0
Long Blades    | 4 7 8 9 11 12 14 16 17 19 21 24 26 27 | 27.0
Armour         | 5 7 8 9 10 11 12 14 16 17 19 22 24 26 27 | 27.0
Dodging        | 2 4 5 6 7 8 9 10 12 13 15 16 19 24 27 | 27.0
Shields        | 5 7 8 9 10 11 12 14 16 17 19 22 24 27 | 27.0
Invocations    | 2 3 4 5 6 7 8 10 11 12 14 15 17 19 22 26 27 | 27.0
Evocations     | 5 14 21 27 | 27.0
Stealth        | 2 13 17 22 27 | 27.0
Throwing       | 23 27 | 27.0
Spellcasting   | 15 | 15.9

Action                   |  1- 3 |  4- 6 |  7- 9 | 10-12 | 13-15 | 16-18 | 19-21 || total
-------------------------+-------+-------+-------+-------+-------+-------+-------++-------
Melee: Double sword      |     5 |    14 |    40 |    86 |    99 |    69 |    14 ||   327
Invok: Disaster Area     |       |       |       |     4 |    10 |    10 |     5 ||    29
       Upheaval          |       |       |       |     3 |     4 |     2 |       ||     9
       Elemental Force   |       |       |       |     1 |       |     1 |       ||     2
Evoke: Wand              |       |       |     3 |     5 |       |     1 |     2 ||    11
  Use: Potion            |     2 |       |     1 |       |       |     5 |     1 ||     9
       Scroll            |       |       |       |     2 |       |     2 |       ||     4
  Eat: Chunk             |       |       |       |       |    16 |     1 |       ||    17
       Meat ration       |       |       |       |       |       |     1 |       ||     1
